AoeStats
← krodie1029

Hideout

509880349Analyzed
1v1 RM · 3d ago on Sep 28, 2026· 34m 34s· 2 players
Game mode
Random Map
Map size
Tiny (2 player)
Population
200
Speed
Normal
Resources
Standard
Victory
Conquest
Starting age
Dark Age
Ending age
Imperial Age
RankedLock teamsTeams togetherTeam positionsShared explorationLock speedFull tech treeHidden civsTurbo modeCheats
Victory
Defeat
🇨🇴 Spanish · Colombia
679
+18
🇨🇱 Spanish · Chile
714
-18
krodie1029
13:41 Feudal Age
14:03 Horse Collar
14:11 Double-Bit Axe
15:43 Wheelbarrow
16:43 Gold Mining
16:46 Stone Mining
20:58 Castle Age
21:49 Scale Barding Armor
21:54 Forging
21:57 Bloodlines
25:21 Heavy Plow
26:05 Husbandry
28:50 Hand Cart
32:57 Imperial Age
33:05 Iron Casting
35:22 Chemistry
Joaquin B6183
2:08 Loom
9:44 Loom
11:32 Feudal Age
10:51 Loom
16:45 Castle Age
15:39 Stone Mining
15:37 Double-Bit Axe
18:20 Wheelbarrow
17:45 Gold Mining
19:31 Bow Saw
19:58 Scale Barding Armor
20:28 Town Watch
23:12 Hand Cart
23:06 Fletching
26:51 Stone Shaft Mining
27:09 Pikeman
29:17 Horse Collar
30:37 Chain Barding Armor
32:33 Town Patrol
35:39 Imperial Age
33:33 Husbandry
Connection lost

Rejoining the realm…

Still unreachable

The connection could not be restored.

Session expired

The server has moved on; the page needs a fresh start.